Map: Katalyse LE

Players

marlontel - Winner!

  • Race: Zerg Zerg
  • League: Gold
  • Spawn Location: 5:00

K.I.-1 (Leicht)

  • Race: Terran Terran
  • Spawn Location: 11:00

VOD

Have the link to the VOD?

Description

Time

  • Played on: March 30, 2018, 9:43 a.m.
  • Length: 7:32
Show
View Real Time Build Order
Export as new Build Order

marlontel Zerg - Winner!

Build Orders: Hatch First 

Get SALT Encoding   

  12  0:01  Drone  
  13  0:13  Overlord  
  13  0:17  Drone  
  14  0:31  Drone x2  
  14  0:35  Drone  
  17  0:54  Hatchery  
  17  0:55  Drone  
  17  0:59  Drone  
  18  1:07  Drone  
  19  1:17  Spawning Pool  
  18  1:19  Drone  
  19  1:29  Drone  
  20  1:39  Overlord  
  20  1:50  Drone  
  22  2:01  Drone  
  22  2:03  Queen  
  22  2:05  Queen  
  26  2:08  Drone  
  26  2:11  Drone  
  28  2:17  Drone  
  28  2:22  Drone  
  30  2:28  Drone  
  31  2:36  Overlord  
  31  2:46  Drone x2  
  31  2:49  Overlord  
  33  3:01  Extractor  
  33  3:03  Extractor  
  31  3:11  Evolution Chamber  
  30  3:13  Roach Warren  
  30  3:14  Drone x2  
  30  3:18  Drone x3  
  30  3:19  Drone x4  
  39  3:20  Drone  
  39  3:28  Drone  
  39  3:31  Drone  
  41  3:36  Drone  
  42  3:45  Lair  
  42  3:53  Drone  
  42  3:54  Drone x3  
  46  4:04  Zerg Missile Weapons Level 1  
  46  4:08  Drone x4  
  50  4:10  Overlord  
  50  4:15  Extractor  
  49  4:17  Extractor  
  48  4:28  Drone  
  49  4:39  Roach  
  49  4:40  Roach x4  
  49  4:41  Overlord  
  59  4:52  Overlord  
  59  4:53  Overlord  
  59  4:56  Glial Reconstitution  
  59  5:02  Roach x2  
  59  5:04  Roach x2  
  67  5:07  Overlord  
  67  5:08  Overlord  
  67  5:12  Roach x3  
  73  5:21  Overlord x2  
  73  5:27  Roach  
  75  5:30  Roach x2  
  75  5:31  Roach  
  75  5:33  Roach x4  
  89  5:41  Roach  
  91  5:44  Roach  
  91  5:49  Roach  
  95  5:55  Roach  
  97  5:59  Roach  
  97  6:01  Roach x3  
  105  6:06  Roach  
  107  6:13  Roach x3  
  107  6:17  Overlord  
  113  6:28  Hydralisk Den  
  112  6:34  Ravager x2  
  112  6:35  Ravager x2  
  112  6:38  Roach  
  118  6:40  Overlord x3  
  118  6:41  Overlord  
  120  7:01  Roach  
  120  7:02  Roach x6  
Show
View Real Time Build Order
Export as new Build Order

K.I.-1 (Leicht) Terran 

Build Orders:  

Get SALT Encoding   

  12  0:00  SCV  
  13  0:13  SCV  
  14  0:19  Supply Depot  
  14  0:25  SCV  
  15  0:40  SCV  
  15  0:42  Barracks  
  16  0:46  Refinery  
  16  1:09  Supply Depot  
  16  1:20  Refinery  
  16  1:28  Orbital Command  
  16  1:29  Barracks Tech Lab  
  16  1:47  Marine  
  17  1:54  SCV  
  18  2:05  Marauder  
  18  2:06  SCV  
  21  2:09  Supply Depot  
  21  2:18  SCV  
  22  2:26  Marine  
  23  2:30  SCV  
  24  2:42  SCV  
  25  2:44  Marine  
  26  2:55  SCV  
  27  3:02  Marauder  
  29  5:16  Reaper  
  29  5:17  SCV  
  29  5:19  Supply Depot  
  31  5:22  Factory  
  31  5:40  SCV  
  31  5:42  Supply Depot  
  32  5:48  Marine  
  33  5:52  SCV  
  33  6:04  SCV  
  33  6:05  Marine  
  33  6:08  Command Center  
  33  6:11  Starport  
  29  6:23  Marine  
  30  6:41  Marine  
  30  6:47  Starport Tech Lab  
  30  6:50  Hellion  
  31  6:55  Supply Depot  
  31  7:00  SCV  
  23  7:12  SCV  
Tags
 
League
Gold
Matchup
TvZ
Spawn Locations
Cross Positions
Add a new tag
Caveats
  • Supply blocks, unpowered buildings, or Contaminate may cause inaccurate times.
  • Supply counts are checked every 10 seconds.